 Dungeon Crawl Stone Soup version 0.22-a0-362-g535178c (webtiles) character file.

7715 Amnesiac the Nimble (level 11, -1/86 HPs)
             Began as a Mummy Necromancer on Apr 19, 2018.
             Was a Believer of Sif Muna.
             Slain by a soul eater (20 damage)
             ... summoned by the malice of Kikubaaqudgha
             ... on level 10 of the Dungeon.
             The game lasted 00:20:12 (10709 turns).

Amnesiac the Nimble (Mummy Necromancer)            Turns: 10709, Time: 00:20:13

Health: -1/86      AC:  4    Str: 11    XL:     11   Next: 0%
Magic:  1/22       EV: 18    Int: 18    God:    Sif Muna [**....]
Gold:   555        SH:  5    Dex: 13    Spells: 4/25 levels left

rFire    x . .     SeeInvis .   a - +0 hunting sling
rCold    + . .     Gourm    .   o - +0 buckler
rNeg     + + +     Faith    .   d - +0 robe (curse)
rPois    ∞         Spirit   .   u - +2 hat {MR+}
rElec    .         Reflect  .   (no cloak)
rCorr    .         Harm     .   (no gloves)
MR       ++...                  (no boots)
Stlth    ++........             (no amulet)
HPRegen  0.24/turn              q - +5 ring of slaying
MPRegen  0.18/turn              s - +5 ring of slaying

@: divine energy
A: no food or potions, fire vulnerability, cold resistance 1, negative energy
resistance 3, torment resistance, unbreathing
a: Stop Divine Energy, Renounce Religion


You were on level 10 of the Dungeon.
You worshipped Sif Muna.
Sif Muna was pleased with you.
You were not hungry.

You visited 2 branches of the dungeon, and saw 11 of its levels.

You collected 555 gold pieces.

Inventory:

Hand Weapons
 a - a +0 hunting sling (weapon)
 c - a +0 short sword
 f - a +1 falchion
Missiles
 m - 22 stones (quivered)
Armour
 d - a cursed +0 robe (worn)
 e - a +0 shield
 n - a +0 ring mail
 o - a +0 buckler (worn)
 u - a +2 hat of magic resistance (worn)
 B - the cursed +0 pair of gloves of Dafeas {rC- Dex+6 Slay+2, unknown}
   (You found it on level 9 of the Dungeon)

   It affects your dexterity (+6).
   It affects your accuracy and damage with ranged weapons and melee attacks
   (+2).
   It makes you vulnerable to cold.
   It has a curse placed upon it.
 E - the +2 leather armour "Luezen" {rPois MR- Int+7, unknown}
   (You found it on level 10 of the Dungeon)

   It affects your intelligence (+7).
   It protects you from poison.
   It affects your resistance to hostile enchantments.
Magical Staves
 b - an uncursed staff of death
 r - an uncursed staff of fire
Jewellery
 p - a +5 ring of intelligence
 q - a +5 ring of slaying (left hand)
 s - a +5 ring of slaying (right hand)
 w - a +4 ring of protection
 D - an uncursed ring of protection from fire
Wands
 t - a wand of iceblast (15)
 v - a wand of polymorph (15)
 x - a wand of paralysis (11)
 F - a wand of flame (32)
Scrolls
 g - 12 scrolls of remove curse {!r}
 h - 4 scrolls of blinking {!r}
 i - a scroll of brand weapon {!r, unknown}
 j - 3 scrolls of identify {!r}
 k - 2 scrolls of fog {!r}
 l - a scroll of enchant weapon {!r}
 y - a scroll of noise {!r, unknown}
 z - a scroll of fear {!r}
 A - a scroll of teleportation {!r}
 C - a scroll of immolation {!r, unknown}


   Skills:
 - Level 8.0 Fighting
 - Level 9.6 Dodging
 - Level 1.5 Stealth
 - Level 4.0 Shields
 + Level 7.9 Spellcasting
 * Level 7.1 Necromancy


You had 4 spell levels left.
You knew the following spells:

 Your Spells              Type           Power        Failure   Level  Hunger
a - Pain                  Necr           ####         1%          1    N/A
b - Call Imp              Summ           #.......     16%         2    N/A
c - Bolt of Draining      Conj/Necr      ###.......   54%         5    N/A
d - Vampiric Draining     Necr           ####......   1%          3    N/A
e - Dispel Undead         Necr           ####....     14%         5    N/A
f - Borgnjor's Vile Clut  Necr/Erth      ###.......   54%         5    N/A

Dungeon Overview and Level Annotations

Branches:
Dungeon (10/15)            Temple (1/1) D:6
   Lair: D:8-11         Orc: D:9-12

Altars:
Ashenzari
Cheibriados
Dithmenos
Elyvilon
Fedhas
Gozag
Hepliaklqana
Kikubaaqudgha
Makhleb
Nemelex Xobeh
Okawaru
Qazlal
Ru
Sif Muna
Trog
Uskayaw
Vehumet
Wu Jian
Xom
Yredelemnul
Zin
The Shining One

Annotations:
D:5 exclusion: ogre
D:9 exclusion: two-headed ogre


Innate Abilities, Weirdness & Mutations

You do not eat or drink.
Your flesh is vulnerable to fire.
You are immune to poison.
Your flesh is cold resistant. (rC+)
You are immune to negative energy. (rN+++)
You are immune to unholy pain and torment.
You can survive without breathing.


Message History

Press: ? - help, Shift-Dir - straight line, f/p - orc warrior
Aim: an orc warrior, wielding a battleaxe and wearing a chain mail (severely wounded)
You kill the orc warrior!
Sif Muna accepts your kill.
Sif Muna is protecting you from the effects of miscast magic.
You have reached level 11!
You feel life coursing into your body.
You hear a shout!
You block the orc's attack.
Firing (i - inventory)
m - 26 stones (quivered)
Press: ? - help, Shift-Dir - straight line, f - orc
Aim: an orc, wielding a club and wearing a ring mail You shoot a stone.
The stone hits the orc.
The orc is severely wounded.
The orc priest mumbles some strange prayers to Beogh against you.
Beogh smites you! The orc misses you.
You hear a shout!
Firing (i - inventory)
m - 25 stones (quivered)
Press: ? - help, Shift-Dir - straight line, f/p - orc
Aim: an orc, wielding a club and wearing a ring mail (severely wounded)
You shoot a stone. The stone hits the orc!
You kill the orc!
Sif Muna accepts your kill.
There is an open door here.
There is an open door here.
Firing (i - inventory)
m - 24 stones (quivered)
Press: ? - help, Shift-Dir - straight line, f - orc warrior
Aim: an orc warrior, wielding a battleaxe and wearing a chain mail You shoot a stone.
The stone hits the orc warrior.
The orc warrior is lightly wounded.
The orc warrior hits you with a battleaxe!!
* * * LOW HITPOINT WARNING * * *
Firing (i - inventory)
m - 23 stones (quivered)
Press: ? - help, Shift-Dir - straight line, f/p - orc warrior
Aim: an orc warrior, wielding a battleaxe and wearing a chain mail (lightly wounded)
You shoot a stone.
The stone hits the orc warrior but does no damage.
The orc warrior is lightly wounded.
You block the orc warrior's attack.
Casting: Vampiric Draining (safe; 1% risk of failure)
Confirm with . or Enter, or press ? or * to list all spells.
Aiming: Vampiric Draining (safe; 1% risk of failure)
Press: ? - help, Shift-Dir - straight line, f/p - orc warrior
Aim: an orc warrior, wielding a battleaxe and wearing a chain mail (lightly wounded) Kikubaaqudgha does not allow the disloyal to dabble in death!
Something reaches out for you...
The orc warrior is moderately wounded.
You feel life coursing into your body.
The orc warrior hits you with a battleaxe!!
* * * LOW HITPOINT WARNING * * *
Casting: Vampiric Draining (safe; 1% risk of failure)
Confirm with . or Enter, or press ? or * to list all spells.
Aiming: Vampiric Draining (safe; 1% risk of failure)
Press: ? - help, Shift-Dir - straight line, f/p - orc warrior
Aim: an orc warrior, wielding a battleaxe and wearing a chain mail (moderately wounded)
The orc warrior is severely wounded.
You feel life coursing into your body. Sif Muna grants you divine energy.
You briefly lose access to your magic!
The orc warrior misses you.
The soul eater hits you but does no damage.
There is a stone staircase leading up here.
You regain access to your magic.
The soul eater hits you!!
You die...

#..# ##.#### ##†####
#..## #.....# ##..#
#.†...# ##.#
#.....##########.###
#.....'............###
#.....##########......
#.....# ##.####
#....@# #..# #...3o#
##.# #>..<.# #.##
#.o...# #..# ##o####
##.# #(### #.# #.o.#
#######'## ####o###
.........# #...†..#
.........#


You could see a soul eater, an orc warrior and 2 orcs.

Vanquished Creatures
  Erolcha (D:9)
  3 two-headed ogres
  A merfolk (D:10)
  3 yaks (D:9)
  Grum (D:8)
  A hungry ghost (D:10)
  A two-headed ogre zombie (D:9)
  A water moccasin (D:8)
  2 orc warriors
  2 sky beasts
  A hornet zombie (D:10)
  An ice beast (D:6)
  A phantom (D:6)
  A black bear (D:10)
  An eye of draining (D:8)
  4 wolves
  7 ogres
  2 centaurs
  A crocodile (D:7)
  3 bullfrogs
  4 scorpions
  A water moccasin skeleton (D:6)
  13 killer bees
  2 howler monkeys
  2 crimson imps
  A centaur zombie (D:9)
  4 hounds
  A quasit (D:6)
  A jelly (D:8)
  A centaur skeleton (D:4)
  An orc priest (D:9)
  2 iguanas
  7 worker ants
  6 orc wizards
  A hound skeleton (D:9)
  A hound zombie (D:10)
  A worker ant zombie (D:9)
  3 gnolls (D:9)
  12 adders
  2 shadow imps (D:7)
  An ooze (D:2)
  An adder zombie (D:9)
  4 worms
  4 dart slugs
  6 leopard geckos
  24 orcs
  A ball python (D:7)
  A giant cockroach (D:4)
  12 goblins
  9 hobgoblins
  19 jackals
  3 quokkas
  10 bats
  4 frilled lizards
  11 kobolds
  13 rats
  A rat zombie (D:9)
228 creatures vanquished.

Notes
Turn   | Place    | Note
-------+----------+-------------------------------------------
     0 | D:1      | Amnesiac the Mummy Necromancer began the quest for the Orb.
     0 | D:1      | Reached XP level 1. HP: 13/13 MP: 4/4
   410 | D:1      | Reached skill level 2 in Dodging
   410 | D:1      | Reached XP level 2. HP: 20/20 MP: 3/5
   705 | D:1      | Reached skill level 1 in Fighting
  1082 | D:2      | Reached XP level 3. HP: 24/26 MP: 1/7
  1087 | D:2      | Learned a level 3 spell: Vampiric Draining
  1385 | D:4      | Reached XP level 4. HP: 9/33 MP: 5/8
  1574 | D:4      | Found a stormy altar of Qazlal.
  1580 | D:4      | Found an ornate altar of the Wu Jian Council.
  1612 | D:4      | Reached skill level 3 in Dodging
  1825 | D:5      | Entered Level 5 of the Dungeon
  1825 | D:5      | Noticed a centaur
  1831 | D:5      | Killed a centaur
  1831 | D:5      | Reached XP level 5. HP: 20/39 MP: 2/9
  2526 | D:5      | Noticed an ogre
  2778 | D:4      | Learned a level 2 spell: Call Imp
  3054 | D:6      | Noticed a centaur
  3062 | D:6      | Killed a centaur
  3062 | D:6      | Reached skill level 4 in Dodging
  3062 | D:6      | Reached XP level 6. HP: 33/46 MP: 10/10
  3195 | D:6      | Reached skill level 5 in Necromancy
  3505 | D:6      | Noticed an ice beast
  3514 | D:6      | Killed an ice beast
  3514 | D:6      | Reached XP level 7. HP: 43/52 MP: 3/11
  3621 | D:6      | Found a staircase to the Ecumenical Temple.
  3630 | Temple   | Entered the Ecumenical Temple
  3667 | Temple   | Reached skill level 5 in Dodging
  3747 | Temple   | Became a worshipper of Kikubaaqudgha
  4613 | D:2      | Reached * piety under Kikubaaqudgha
  4613 | D:2      | Identified Kikubaaqudgha's Disquisition on Unholy Arts (Kikubaaqudgha gifted it to you on level 2 of the Dungeon)
  4613 | D:2      | Received a gift from Kikubaaqudgha
  5219 | D:3      | Found a hazy altar of Hepliaklqana.
  5375 | D:3      | Reached ** piety under Kikubaaqudgha
  5936 | D:6      | Reached skill level 6 in Dodging
  5967 | D:6      | Reached XP level 8. HP: 56/61 MP: 8/12
  6173 | D:6      | Found a burning altar of Makhleb.
  6474 | D:7      | Reached skill level 1 in Shields
  6867 | D:7      | Found a basalt altar of Yredelemnul.
  6880 | D:7      | Found a sparkling altar of Nemelex Xobeh.
  7279 | D:8      | Reached skill level 5 in Fighting
  7290 | D:8      | Noticed Grum
  7356 | D:8      | HP: 1/62 [wolf[Grum] (8)]
  7740 | D:7      | Reached skill level 7 in Dodging
  7802 | D:7      | Reached XP level 9. HP: 40/69 MP: 2/13
  8355 | D:8      | Killed Grum
  8429 | D:8      | Noticed a two-headed ogre
  8465 | D:8      | Killed a two-headed ogre
  8465 | D:8      | Reached skill level 8 in Dodging
  8698 | D:9      | Noticed a two-headed ogre
  8822 | D:9      | Reached skill level 9 in Dodging
  8961 | D:9      | Reached XP level 10. HP: 49/79 MP: 14/14
  9139 | D:9      | Killed a two-headed ogre
  9199 | D:9      | Reached *** piety under Kikubaaqudgha
  9199 | D:9      | Identified Kikubaaqudgha's Catalogue of Unholy Secrets (Kikubaaqudgha gifted it to you on level 9 of the Dungeon)
  9199 | D:9      | Received a gift from Kikubaaqudgha
  9328 | Temple   | Fell from the grace of Kikubaaqudgha
  9328 | Temple   | Became a worshipper of Sif Muna the Loreminder
  9478 | D:9      | Noticed a two-headed ogre
  9544 | D:9      | Got a pair of smoking gloves
  9624 | D:9      | Noticed a six-headed hydra
  9687 | D:9      | Noticed Erolcha
  9716 | D:9      | Killed Erolcha
  9716 | D:9      | Reached * piety under Sif Muna
 10107 | D:10     | Entered Level 10 of the Dungeon
 10143 | D:10     | Learned a level 5 spell: Dispel Undead
 10149 | D:10     | Learned a level 5 spell: Bolt of Draining
 10155 | D:10     | Learned a level 5 spell: Borgnjor's Vile Clutch
 10574 | D:10     | Got a warped leather armour
 10665 | D:10     | Noticed a two-headed ogre
 10672 | D:10     | Killed a two-headed ogre
 10687 | D:10     | Reached ** piety under Sif Muna
 10687 | D:10     | Reached XP level 11. HP: 63/86 MP: 1/22
 10704 | D:10     | Noticed a soul eater
 10709 | D:10     | Slain by a soul eater

Vault maps used:
D:1:      dpeg_arrival_concentric_ovals
D:2:      minmay_stone_trees_small
D:3:      nicolae_overflow_crystal_walls
D:4:      grunt_temple_overflow_open
D:5:      first_ration, nicolae_underground_beach
D:6:      minmay_temple_entry_statues_fountains, basic_altar
D:7:      minitemple, grunt_decor_mini_mirrors
D:8:      uniq_grum
D:9:      uniq_erolcha
D:10:     special_room, hangedman_fish_farm, minivault_28
Temple:   minmay_crystal_spiral_temple

Skill      XL: |  1  2  3  4  5  6  7  8  9 10 |
---------------+-------------------------------+-----
Dodging        | 2 3 4 6 7 9 |  9.6
Spellcasting   | 3 7 |  7.9
Fighting       | 1 2 3 4 5 7 8 |  8.0
Necromancy     | 5 7 |  7.1
Shields        | 4 |  4.0
Stealth        | |  1.5

Action                   |  1- 3 |  4- 6 |  7- 9 | 10-12 || total
-------------------------+-------+-------+-------+-------++-------
Melee: Unarmed           |    11 |       |       |       ||    11
       Short sword       |    15 |       |       |       ||    15
       Falchion          |       |    74 |    62 |       ||   136
 Fire: Hunting sling     |       |       |   393 |   274 ||   667
 Cast: Pain              |    68 |    23 |     1 |       ||    92
       Vampiric Draining |       |     3 |    30 |    35 ||    68
Invok: Divine Energy     |       |       |       |     1 ||     1
Evoke: Wand              |       |       |     5 |     4 ||     9
  Use: Scroll            |     2 |     2 |     4 |       ||     8
Armor: Robe              |    12 |       |    22 |    15 ||    49
       Leather armour    |     7 |    15 |     9 |       ||    31
       Ring mail         |       |       |    28 |       ||    28
Dodge: Dodged            |    41 |    44 |   237 |   114 ||   436
Block: Buckler           |       |       |    37 |    32 ||    69
       Rpst.: Falchion   |       |    19 |    17 |       ||    36

Table legend:
 A = Spawn XP
 B = Non-spawn XP
 C = Spawn XP percentage of total XP
 D = Spawn monster count
 E = Non-spawn monster count
 F = Spawn count percentage of total count
 G = Total turns spent on level
                    A         B        C        D         E        F      G
               +---------+---------+-------+---------+---------+-------+---------
         Total |       0 |   11022 |   0.0 |       0 |     225 |   0.0 | 10709
               +---------+---------+-------+---------+---------+-------+---------
           D:1 |       0 |      58 |   0.0 |       0 |      33 |   0.0 |  1257
           D:2 |       0 |     152 |   0.0 |       0 |      37 |   0.0 |  1186
           D:3 |       0 |     157 |   0.0 |       0 |      31 |   0.0 |   829
           D:4 |       0 |     126 |   0.0 |       0 |       5 |   0.0 |   899
           D:5 |       0 |     162 |   0.0 |       0 |       2 |   0.0 |   884
           D:6 |       0 |     681 |   0.0 |       0 |       7 |   0.0 |  1055
           D:7 |       0 |    1041 |   0.0 |       0 |      25 |   0.0 |  1350
           D:8 |       0 |    1956 |   0.0 |       0 |      17 |   0.0 |  1154
           D:9 |       0 |    3925 |   0.0 |       0 |      38 |   0.0 |  1244
          D:10 |       0 |    2668 |   0.0 |       0 |      29 |   0.0 |   602
        Temple |       0 |      96 |   0.0 |       0 |       1 |   0.0 |   249
               +---------+---------+-------+---------+---------+-------+---------
